 Dungeon Crawl Stone Soup version bcrawl-1.28 (webtiles) character file.

Game seed: 5263676215193488971

529567 MisterOstroum the Destroyer (level 14, -30/88 HPs)
             Began as a Fairy Conjurer on Nov 26, 2020.
             Was a High Priest of Sif Muna.
             Killed from afar by a lindwurm (34 damage)
             ... with a blast of flame
             ... summoned by Kirke
             ... on level 11 of the Dungeon on Nov 30, 2020.
             The game lasted 00:35:41 (16491 turns).

MisterOstroum the Destroyer (Fairy Conjurer)       Turns: 16491, Time: 00:35:41

Health: -30/88     AC: 11    Str:  6    XL:     14   Next: 68%
Magic:  6/30       EV: 20    Int: 31    God:    Sif Muna [*****.]
Gold:   1340       SH:  7    Dex: 13    Spells: 3/33 levels left

rFire    . . .     SeeInvis +   P - +3 hand axe of the Extremes {flame, Int+7 SInv}
rCold    . . .     Gourm    .   (shield restricted)
rNeg     + . .     Faith    +   (armour unavailable)
rPois    .         Spirit   .   T - +2 hat
rElec    .         Reflect  .   q - +0 cloak
rCorr    +         Harm     .   l - +0 pair of gloves
MR       +....                  (no boots)
Stlth    ++........             u - amulet of faith
HPRegen  0.24/turn              D - ring of resist corrosion
MPRegen  0.22/turn              v - ring of positive energy

@: flying evasively, slightly contaminated, divine energy
A: small, magic attunement, unstealthy, unfitting armour, able to fly, AC/SH +7
a: Stop Flying, Stop Divine Energy, Channel Magic, Forget Spell, Renounce
Religion


You were on level 11 of the Dungeon.
You worshipped Sif Muna.
Sif Muna was extremely pleased with you.
You were not hungry.

You visited 2 branches of the dungeon, and saw 17 of its levels.

You collected 1355 gold pieces.
You spent 15 gold pieces at shops.

Inventory:

Hand Weapons
 a - the +5 spear "Jaufauph" {pain, Str+4 SInv}
   (You took it off a kobold on level 9 of the Dungeon)

   In the hands of one skilled in necromantic magic, it inflicts extra damage on
   living creatures.
   It affects your strength (+4).
   It lets you see invisible.
 m - a +0 blowgun
 C - a +7 short sword
 N - a +4 scimitar of flaming
 P - the +3 hand axe of the Extremes (weapon) {flame, Int+7 SInv}
   (You found it on level 1 of the Lair of Beasts)

   It has been specially enchanted to surge with flame as it hits, increasing
   damage dealt by approximately one third against foes not resistant or
   susceptible to fire.
   Its heat also prevents any hydra heads it cuts off from regrowing.
   It affects your intelligence (+7).
   It lets you see invisible.
Missiles
 n - 263 poisoned needles
 r - 1640 arrows
 y - 689 sling bullets
 F - 1271 bolts
 K - 486 poisoned tomahawks (quivered)
 M - 67 tomahawks of dispersal {=f}
Armour
 j - a +0 medium shield
 l - a +0 pair of gloves (worn)
 p - a +0 helmet
 q - a +0 cloak (worn)
 T - a +2 hat (worn)
Jewellery
 u - an amulet of faith (around neck)
 v - a ring of positive energy (right hand)
 D - a ring of resist corrosion (left hand)
 Z - an uncursed amulet of the acrobat
Wands
 H - a wand of iceblast (6)
 I - a wand of flame (18)
 J - a wand of paralysis (12)
 L - a wand of clouds (7)
 V - a wand of disintegration (12)
 W - a wand of digging (6)
 Y - a wand of polymorph (9)
Scrolls
 b - 3 scrolls of enchant weapon
 d - 4 scrolls of amnesia
 g - 6 scrolls of immolation
 k - 2 scrolls of enchant armour
 o - 12 scrolls of remove curse {@r2}
 s - 3 scrolls of magic mapping {@r5 !r}
 t - 6 scrolls of teleportation {@r3 !r}
 E - 2 scrolls of blinking
 O - a scroll of identify {@r1}
 U - a scroll of vulnerability
 X - a scroll of fear {!r}
Potions
 c - 4 potions of brilliance
 f - 14 potions of curing {@q1 !q}
 h - 4 potions of lignification {@q6}
 i - 5 potions of magic
 w - a potion of berserk rage
 x - 3 potions of resistance
 z - 5 potions of haste {@q4 !q}
 A - a potion of heal wounds {@q2 !q}
 B - 3 potions of flight
 G - 2 potions of might {@q3 !q}
 Q - a potion of mutation
 S - a potion of agility {@q5 !q}
Comestibles
 e - 33 rations {!d}
 R - a chunk of flesh


   Skills:
 * Level 5.6 Fighting
 + Level 7.0 Dodging
 + Level 5.0 Stealth
 * Level 1.7 Shields
 + Level 10.0 Spellcasting
 * Level 13.9 Conjurations
 - Level 6.0 Charms
 + Level 7.6 Necromancy
 - Level 9.0 Transmutations
 * Level 8.9 Earth Magic
 + Level 7.0 Invocations
 - Level 10.0 Evocations


You had 3 spell levels left.
You knew the following spells:

 Your Spells              Type           Power        Failure   Level  Hunger
a - Magic Dart            Conj           ####         0%          1    None
b - Bolt of Draining      Conj/Necr      ######....   1%          5    None
c - Iskenderun's Mystic   Conj           #######.     1%          3    None
d - Irradiate             Conj/Tmut      ######....   1%          5    None
e - Searing Ray           Conj           #######.     0%          2    None
f - Borgnjor's Vile Clut  Necr/Erth      ######....   16%         6    None
g - Fireball              Conj/Fire      ######....   5%          5    None
H - Regeneration          Chrm/Necr      ######....   1%          3    None

Your spell library contained the following spells:

 Spells                   Type           Power        Failure   Level  Hunger
 Animate Skeleton         Necr           N/A          1%          1    None
 Beastly Appendage        Tmut           ######       1%          1    None
 Flame Tongue             Conj/Fire      #####        1%          1    None
 Pain                     Necr           ######       1%          1    None
 Corpse Rot               Necr           N/A          1%          2    None
 Flaming Arrows           Chrm/Fire      ####....     1%          2    None
 Passwall                 Tmut/Erth      ######..     1%          2    None
 Sticks to Snakes         Tmut           ######..     1%          2    None
 Throw Frost              Conj/Ice       ######       1%          2    None
 Conjure Flame            Conj/Fire      ######..     1%          3    None
 Mephitic Cloud           Conj/Pois/Air  #####...     1%          3    None
 Spider Form              Tmut/Pois      ###          1%          3    None
 Stone Arrow              Conj/Erth      ######       1%          3    None
 Vampiric Draining        Necr           ######....   1%          3    None
 Ignite Poison            Fire/Tmut/Pois ####....     2%          3    None
 Blink Other              Tloc           ###...       3%          1    None
 Corona                   Hex            ###....      3%          1    None
 Blink                    Tloc           N/A          4%          2    None
 Call Imp                 Summ           ###...       4%          2    None
 Ensorcelled Hibernation  Hex/Ice        ###...       4%          2    None
 Shackle                  Hex            ###.....     4%          2    None
 False Image              Hex/Summ       ###.....     10%         3    None
 Inner Flame              Hex/Fire       N/A          10%         3    None
 Animate Dead             Necr           N/A          1%          4    None
 Fulminant Prism          Conj/Hex       ######....   1%          4    None
 Petrify                  Tmut/Erth      ######....   1%          4    None
 Sticky Flame             Conj/Fire      ######..     1%          4    None
 Throw Icicle             Conj/Ice       ######..     1%          4    None
 Blade Hands              Tmut           ######....   2%          5    None
 Lee's Rapid Deconstruct  Erth           ######....   2%          5    None
 Ice Form                 Ice/Tmut       #####...     4%          4    None
 Tree Form                Hex/Tmut       N/A          4%          4    None
 Yara's Violent Unravell  Hex/Tmut       #####.....   4%          4    None
 Bolt of Magma            Conj/Fire/Erth ######....   4%          5    None
 Iron Shot                Conj/Erth      ######....   4%          6    None
 Bolt of Cold             Conj/Ice       ######....   28%         6    None
 Poison Arrow             Conj/Pois      ######....   28%         6    None
 Cause Fear               Hex            ###.......   32%         4    None
 Summon Ice Beast         Ice/Summ       ###.....     32%         4    None
 Dragon Form              Tmut           ######.      56%         7    None
 Silence                  Hex/Air        ###.......   65%         5    None
 Summon Demon             Summ           ###.......   65%         5    None
 Summon Forest            Summ/Tloc      ###.......   65%         5    None
 Infestation              Hex/Tmut/Pois  ####.....    82%         6    None
 Spellforged Servitor     Conj/Summ      ######....   85%         7    None
 Darkness                 Hex            ###.......   99%         6    None
 Shadow Creatures         Summ           N/A          99%         6    None
 Summon Hydra             Summ           ###.......   99%         6    None
 Summon Greater Demon     Summ           ###.......   100%        7    None
 Necromutation            Tmut/Necr      ######..     100%        8    None
 Time Stop                Chrm/Tloc      N/A          100%        8    None
 Shatter                  Erth           ######....   100%        9    None


Dungeon Overview and Level Annotations

Branches:
Dungeon (11/12)            Temple (0/1) D:7            Lair (6/6) D:8
 Shoals (0/3) Lair:4       Spider (0/3) Lair:3        Slime (0/5) Lair:5
    Orc (0/1) D:8
 Vaults: D:11-12

Altars:
Dithmenos
Fedhas
Gozag
Hepliaklqana
Kikubaaqudgha
Nemelex Xobeh
Okawaru
Ru
Sif Muna
Trog
Uskayaw
Vehumet
Wu Jian
Xom
Zin
The Shining One
Beogh
Jiyva

Shops:
D:5 %   D:9 [!

Annotations:
D:11 Kirke
Lair:1 exclusion: 3 oklob plants
Lair:3 exclusion: oklob plant


Innate Abilities, Weirdness & Mutations

Your spells do not cause hunger and MP costs are reduced by 1.
Your bright wings attract enemies. (Stealth-)
You cannot fit into any form of body armour.
Your shimmering scales are hard and can block incoming attacks. (AC +7, SH +7)
You are small and have problems with some larger weapons.
You can fly continuously.


Message History

You are unable to access your magic!
Throwing (i - inventory. (/) - cycle)
K - 486 poisoned tomahawks (quivered)
Press: ? - help, Shift-Dir - straight line, f - meliai
Aim: a meliai, wielding a +0 war axe and wearing a +0 leather armour
Okay, then.
There are monsters nearby!
Unknown command.
Unknown command.
You are unable to access your magic!
Throwing (i - inventory. (/) - cycle)
K - 486 poisoned tomahawks (quivered)
Press: ? - help, Shift-Dir - straight line, f - meliai
Aim: a meliai, wielding a +0 war axe and wearing a +0 leather armour
Okay, then.
Unknown command.
Unknown command.
Really quaff
A - 3 potions of heal wounds {@q2 !q}?
You feel much better.
You feel less invigorated. The meliai completely misses you.
The meliai misses you. The meliai hits you with a +0 war axe!
You block the meliai's attack. The orc hits you but does no damage.
Kirke throws some strange powder.
The meliai hits you with a +0 war axe!
* * * LOW HITPOINT WARNING * * *
The meliai stings you but does no damage.
Unknown command.
The meliai barely misses you. The meliai stings you.
* * * LOW HITPOINT WARNING * * *
You regain access to your magic.
The sphinx casts a spell.
Something smites you!
* * * LOW HITPOINT WARNING * * *
The meliai barely misses you. The meliai closely misses you.
Kirke gestures wildly while chanting.
Kirke summons a lindwurm!
Casting: Bolt of Draining (safe; 1% risk of failure)
Confirm with . or Enter, or press ? or * to list all spells.
Aiming: Borgnjor's Vile Clutch (slightly dangerous; 16% risk of failure)
Press: ? - help, Dir - move target cursor You miscast Borgnjor's Vile Clutch.
Sif Muna protects you from the effects of your miscast!
The meliai misses you. x2; The lindwurm barely misses you.
The lindwurm claws you but does no damage.
The lindwurm completely misses you.
Okay, then.
Blink to where?
Press: ? - help, Dir - move target cursor
As you read the scroll of blinking, it crumbles to dust.
Really quaff
A - 2 potions of heal wounds {@q2 !q}?
You feel much better.
The meliai calls down the wrath of its god upon you.
Something smites you!
* * * LOW HITPOINT WARNING * * *
Casting: Borgnjor's Vile Clutch (slightly dangerous; 16% risk of failure)
Confirm with . or Enter, or press ? or * to list all spells.
Aiming: Bolt of Draining (safe; 1% risk of failure)
Press: ? - help, Shift-Dir - straight line, f - Kirke
Aim: Kirke (heavily wounded, misshapen and mutated, lightly drained)
You miscast Bolt of Draining.
Sif Muna protects you from the effects of your miscast!
The lindwurm breathes flames at you. The blast of flame hits you!
* * * LOW HITPOINT WARNING * * *
The sphinx mumbles some strange words.
Something smites you!
* * * LOW HITPOINT WARNING * * *
Casting: Bolt of Draining (safe; 1% risk of failure)
Confirm with . or Enter, or press ? or * to list all spells.
Aiming: Bolt of Draining (safe; 1% risk of failure)
Press: ? - help, Shift-Dir - straight line, f/p - Kirke
Aim: Kirke (heavily wounded, misshapen and mutated, lightly drained)
Okay, then.
Unknown command.
Kirke mumbles some strange words.
Kirke flickers and vanishes for a moment.
Okay, then.
Unknown command.
Casting: Bolt of Draining (safe; 1% risk of failure)
Confirm with . or Enter, or press ? or * to list all spells.
Aiming: Bolt of Draining (safe; 1% risk of failure)
Press: ? - help, Shift-Dir - straight line, f/p - Kirke
Aim: Kirke (heavily wounded, slightly transparent, misshapen and mutated, lightly drained)
Okay, then.
Casting: Bolt of Draining (safe; 1% risk of failure)
Confirm with . or Enter, or press ? or * to list all spells.
Aiming: Borgnjor's Vile Clutch (slightly dangerous; 16% risk of failure)
Press: ? - help, Dir - move target cursor, f - lindwurm, p - Kirke
Aim: a lindwurm (summoned) Decaying hands burst forth from the earth!
Zombie hands grab the lindwurm.
Zombie hands grab the meliai.
Zombie hands grab Kirke.
Zombie hands grab the orc.
The zombie hands constrict Kirke.
The zombie hands constrict the meliai.
The zombie hands constrict the orc.
The zombie hands constrict the lindwurm.
The meliai struggles to escape constriction.
Kirke struggles to escape constriction.
The lindwurm struggles to escape constriction.
The meliai escapes!
The lindwurm breathes flames at you. The blast of flame hits you!!
You die...

#...o.(##....
#......##....
####@####.... #))#
#.... #)## #....
#### #.# #.... ..#
####o# ##....
#.###....# ##....#
#@.##(######..####
##..#)# ###..##
##k#.# #...##
####y))# #.###
#....k####.#
#.###@o##..# ..
##H...## .
#....### #.##...#


You could see Kirke (invisible), a sphinx, 2 lindwurms, a meliai and an orc.

Vanquished Creatures
  Gastronok (Lair:3)
  4 hydras
  3 catoblepae
  Erica (Lair:1)
  A centaur warrior (D:9)
  10 death yaks (Lair:6)
  A lindwurm (Lair:6)
  A cyclops (D:11)
  3 harpies (Lair:4)
  2 ugly things (D:10)
  An oklob plant (Lair:6)
  A moth of wrath (Lair:4)
  4 elephants
  5 black mambas
  2 molten gargoyles (Lair:3)
  20 cane toads
  3 rime drakes
  A dryad (D:8)
  8 komodo dragons
  2 meliai (D:11)
  4 tyrant leeches (Lair:6)
  15 blink frogs
  8 hippogriffs
  10 dream sheep
  A wraith (D:10)
  14 yaks
  A spriggan (D:10)
  2 shadows (D:10)
  A wyvern (Lair:4)
  9 vampire mosquitoes
  4 basilisks
  A hungry ghost (D:11)
  3 hogs (D:11)
  10 water moccasins
  4 crocodiles
  10 orc warriors
  14 porcupines
  2 ice beasts
  A sky beast (D:9)
  5 ogres
  A necrophage (D:3)
  A phantom (D:11)
  9 wolves
  16 bullfrogs
  2 centaurs
  2 big kobolds
  A wyvern skeleton (D:9)
  3 scorpions
  8 killer bees
  A statue (D:8)
  2 electric eels
  2 howler monkeys
  5 wights (D:11)
  2 crimson imps
  A centaur zombie (D:6)
  5 lava snakes (Lair:3)
  A quasit (D:6)
  8 orc priests
  4 hounds
  2 jellies
  7 orc wizards
  4 centaur skeletons
  2 iguanas
  6 worker ants
  A hound zombie (D:7)
  2 hound skeletons
  15 adders
  4 gnolls (D:5)
  2 howler monkey skeletons
  2 shadow imps (D:8)
  An ooze (D:5)
  An adder skeleton (D:8)
  2 adder zombies
  5 worms
  10 dart slugs
  5 leopard geckos
  58 orcs
  4 giant cockroaches
  7 goblins
  8 hobgoblins
  4 jackals
  6 quokkas
  6 bats
  2 frilled lizards
  2 jackal zombies
  20 kobolds
  A quokka zombie (D:5)
  13 rats
  A fungus (Lair:6)
  9 plants
479 creatures vanquished.

Vanquished Creatures (others)
  5 fungi (Lair:6)
  38 plants
  15 toadstools (Lair:3)
58 creatures vanquished.

Grand Total: 537 creatures vanquished

Notes
Turn   | Place    | Note
-------+----------+-------------------------------------------
     0 | D:1      | MisterOstroum the Fairy Conjurer began the quest for the
                  | Orb.
     0 | D:1      | Reached XP level 1. HP: 11/11 MP: 6/6
    19 | D:1      | Reached skill level 5 in Conjurations
    94 | D:1      | Reached XP level 2. HP: 17/17 MP: 7/7
   244 | D:1      | Learned a level 2 spell: Searing Ray
   273 | D:1      | Reached XP level 3. HP: 21/21 MP: 9/9
   298 | D:1      | Reached skill level 6 in Conjurations
  1028 | D:2      | Found a shimmering blue altar of Sif Muna.
  1100 | D:2      | Became a worshipper of Sif Muna the Loreminder
  1130 | D:2      | Found an iron altar of Okawaru.
  1376 | D:2      | Found a bloodstained altar of Trog.
  1475 | D:2      | Reached XP level 4. HP: 27/27 MP: 10/10
  1756 | D:3      | Found a shadowy altar of Dithmenos.
  1762 | D:3      | Learned a level 3 spell: Iskenderun's Mystic Blast
  2102 | D:3      | Reached XP level 5. HP: 26/31 MP: 11/11
  2108 | D:3      | Noticed a necrophage
  2115 | D:3      | Killed a necrophage
  2115 | D:3      | Reached * piety under Sif Muna
  2161 | D:3      | Found an ancient bone altar of Kikubaaqudgha.
  2168 | D:3      | Reached XP level 6. HP: 36/36 MP: 13/13
  2506 | D:3      | Reached skill level 7 in Conjurations
  2514 | D:3      | Found an opulent altar of Gozag.
  2522 | D:3      | Found a radiant altar of Vehumet.
  2670 | D:4      | Learned a level 5 spell: Irradiate
  2948 | D:4      | Reached skill level 1 in Transmutations
  2948 | D:4      | Reached XP level 7. HP: 15/42 MP: 8/15
  3091 | D:4      | Identified Sif Muna's Disquisition on Evil and Displacement
                  | (Sif Muna gifted it to you on level 4 of the Dungeon)
  3091 | D:4      | Received a gift from Sif Muna
  3097 | D:4      | Learned a level 3 spell: Regeneration
  3127 | D:4      | Reached skill level 1 in Fighting
  3471 | D:5      | Entered Level 5 of the Dungeon
  3779 | D:5      | Reached skill level 1 in Charms
  3779 | D:5      | Reached skill level 1 in Necromancy
  3878 | D:5      | Found Visisun's Food Shop.
  3898 | D:5      | Noticed an angel
  3899 | D:5      | Found a glowing silver altar of Zin.
  3899 | D:5      | Found a shimmering altar of Xom.
  3903 | D:5      | Reached XP level 8. HP: 50/50 MP: 10/17
  3906 | D:5      | Reached ** piety under Sif Muna
  4114 | D:5      | Reached skill level 8 in Conjurations
  4178 | D:5      | Reached skill level 5 in Spellcasting
  4677 | D:6      | Reached skill level 5 in Stealth
  5001 | D:6      | Found a glowing golden altar of the Shining One.
  5175 | D:6      | Found a hazy altar of Hepliaklqana.
  5379 | D:7      | Found a hide-covered altar of Uskayaw.
  5461 | D:7      | Found a staircase to the Ecumenical Temple.
  5523 | D:7      | Reached XP level 9. HP: 58/58 MP: 14/19
  5540 | D:7      | Noticed a +0 hand axe
  5550 | D:7      | Noticed a +0 hand axe
  5931 | D:8      | Received a gift from Sif Muna
  6238 | D:8      | Reached *** piety under Sif Muna
  6311 | D:8      | Found a roughly hewn altar of Beogh.
  6419 | D:8      | Found an ornate altar of the Wu Jian Council.
  6488 | D:8      | Reached skill level 5 in Fighting
  6549 | D:8      | Found a staircase to the Orcish Mines.
  6595 | D:8      | Reached skill level 5 in Transmutations
  6657 | D:8      | Found a staircase to the Lair.
  6658 | D:8      | Noticed an elephant
  6690 | D:8      | Killed an elephant
  6759 | D:8      | Noticed a dryad
  6766 | D:8      | Killed a dryad
  6766 | D:8      | Reached XP level 10. HP: 66/66 MP: 1/23
  6909 | D:9      | Received a gift from Sif Muna
  7084 | D:9      | Found Qoxios's Antique Armour Shoppe.
  7091 | D:9      | Noticed a centaur warrior
  7097 | D:9      | Killed a centaur warrior
  7098 | D:9      | Reached **** piety under Sif Muna
  7098 | D:9      | Reached skill level 10 in Spellcasting
  7245 | D:9      | Noticed a catoblepas
  7258 | D:9      | Killed a catoblepas
  7258 | D:9      | Reached skill level 1 in Invocations
  7258 | D:9      | Reached skill level 1 in Evocations
  7366 | D:9      | Identified Sif Muna's Compendium of Destructive Bewitchment
                  | (Sif Muna gifted it to you on level 9 of the Dungeon)
  7366 | D:9      | Received a gift from Sif Muna
  7527 | D:9      | Identified the +5 spear "Jaufauph" {pain, Str+4 SInv}
  7562 | D:9      | Reached XP level 11. HP: 70/72 MP: 24/27
  7579 | D:9      | Found a sparkling altar of Nemelex Xobeh.
  7589 | D:9      | Found Ikuimapp's Distillery.
  7610 | D:9      | Bought a potion of degeneration for 15 gold pieces
  7699 | D:9      | Found a sacrificial altar of Ru.
  7856 | D:10     | Entered Level 10 of the Dungeon
  8001 | D:10     | Noticed a green ugly thing
  8012 | D:10     | Killed a white ugly thing
  8215 | D:10     | Reached skill level 9 in Conjurations
  8671 | D:10     | Noticed a white ugly thing
  8676 | D:10     | Killed a white ugly thing
  8879 | Lair:1   | Entered Level 1 of the Lair of Beasts
  8885 | Lair:1   | Reached skill level 5 in Dodging
  9251 | Lair:1   | Noticed an oklob plant
  9251 | Lair:1   | Noticed an oklob plant
  9256 | Lair:1   | Received a gift from Sif Muna
  9268 | Lair:1   | Noticed an oklob plant
  9482 | Lair:1   | HP: 2/72 [acid (11)]
  9752 | Lair:1   | Noticed Erica
  9760 | Lair:1   | Killed Erica
  9760 | Lair:1   | Reached skill level 10 in Conjurations
  9760 | Lair:1   | Reached XP level 12. HP: 77/77 MP: 10/28
  9888 | Lair:1   | Got an ancient hand axe
  9889 | Lair:1   | Identified the cursed +3 hand axe of the Extremes {flame,
                  | Int+7 SInv} (You found it on level 1 of the Lair of Beasts)
 10187 | Lair:2   | Reached skill level 5 in Evocations
 10966 | Lair:3   | Noticed Gastronok
 10977 | Lair:3   | Killed Gastronok
 10977 | Lair:3   | Reached skill level 5 in Charms
 10977 | Lair:3   | Reached skill level 5 in Necromancy
 11103 | Lair:3   | Reached skill level 11 in Conjurations
 11178 | Lair:3   | Reached ***** piety under Sif Muna
 11210 | Lair:3   | Received a gift from Sif Muna
 11219 | Lair:3   | Learned a level 5 spell: Bolt of Draining
 11226 | Lair:3   | Learned a level 6 spell: Borgnjor's Vile Clutch
 11232 | Lair:3   | Learned a level 5 spell: Fireball
 11437 | Lair:3   | Found a blossoming altar of Fedhas.
 11792 | Lair:3   | Found a hole to the Spider Nest.
 12010 | Lair:4   | Noticed a four-headed hydra
 12016 | Lair:4   | Killed a four-headed hydra
 12016 | Lair:4   | Reached skill level 1 in Earth Magic
 12183 | Lair:4   | Found a runed door.
 12191 | Lair:4   | Found a staircase to the Shoals.
 12209 | Lair:4   | Reached XP level 13. HP: 52/82 MP: 17/29
 12211 | Lair:4   | Reached skill level 5 in Invocations
 12816 | Lair:4   | Identified Sif Muna's Grimoire of Changing (Sif Muna gifted
                  | it to you on level 4 of the Lair of Beasts)
 12816 | Lair:4   | Received a gift from Sif Muna
 13251 | Lair:5   | Reached skill level 12 in Conjurations
 13464 | Lair:5   | Found a viscous altar of Jiyva.
 13465 | Lair:5   | Found a staircase to the Slime Pits.
 13601 | Lair:5   | Reached skill level 5 in Earth Magic
 14101 | Lair:6   | Entered Level 6 of the Lair of Beasts
 14344 | Lair:6   | Identified Fesopluceh's Reference Book on Icy Earth (Sif
                  | Muna gifted it to you on level 6 of the Lair of Beasts)
 14344 | Lair:6   | Received a gift from Sif Muna
 14669 | Lair:6   | Reached XP level 14. HP: 84/88 MP: 21/30
 14787 | Lair:6   | Reached skill level 13 in Conjurations
 15145 | Lair:6   | Reached skill level 10 in Evocations
 15486 | Lair:6   | Identified Sif Muna's Almanac of Earthen Calling (Sif Muna
                  | gifted it to you on level 6 of the Lair of Beasts)
 15486 | Lair:6   | Received a gift from Sif Muna
 16297 | D:11     | Reached skill level 1 in Shields
 16458 | D:11     | Noticed Kirke
 16478 | D:11     | Noticed a sphinx
 16489 | D:11     | HP: 3/88 [sphinx/divine providence[Kirke] (11)]
 16491 | D:11     | Killed from afar by a lindwurm

Skill      XL: |  1  2  3  4  5  6  7  8  9 10 11 12 13 14 |
---------------+-------------------------------------------+-----
Conjurations   | 5 6 7 8 10 11 12 13 | 13.9
Stealth        | 2 3 4 5 |  5.0
Spellcasting   | 3 4 5 7 10 | 10.0
Transmutations | 1 3 6 7 8 9 |  9.0
Fighting       | 2 3 5 |  5.6
Charms         | 1 2 3 4 5 6 |  6.0
Necromancy     | 1 2 3 4 5 6 7 |  7.6
Dodging        | 3 6 7 |  7.0
Invocations    | 1 3 4 6 7 |  7.0
Evocations     | 1 4 7 9 10 | 10.0
Earth Magic    | 2 6 8 |  8.9
Shields        | 1 |  1.7

Action                   |  1- 3 |  4- 6 |  7- 9 | 10-12 | 13-15 || total
-------------------------+-------+-------+-------+-------+-------++-------
Melee: Short sword       |       |       |     6 |     1 |       ||     7
       Scimitar          |       |       |     2 |       |       ||     2
       Spear             |       |       |       |     2 |       ||     2
       Hand axe          |       |       |       |       |    22 ||    22
Throw: Tomahawk          |       |       |       |     1 |     4 ||     5
 Cast: Magic Dart        |    77 |    98 |    26 |    94 |    56 ||   351
       Searing Ray       |     1 |       |       |       |       ||     1
       Iskenderun's Myst |       |    23 |   190 |   251 |   142 ||   606
       Irradiate         |       |       |       |    19 |    28 ||    47
       Regeneration      |       |       |       |     4 |       ||     4
       Bolt of Draining  |       |       |       |       |    72 ||    72
       Fireball          |       |       |       |       |    15 ||    15
       Borgnjor's Vile C |       |       |       |       |     1 ||     1
Invok: Divine Energy     |       |       |     1 |       |       ||     1
       Channel Magic     |       |       |       |       |     1 ||     1
Evoke: Wand              |       |       |       |     2 |       ||     2
  Use: Scroll            |       |       |       |    22 |     6 ||    28
       Potion            |       |       |       |       |     2 ||     2
  Eat: Chunk             |     2 |     4 |    17 |    22 |    20 ||    65
Armor: Skin              |     2 |     1 |     3 |    20 |    16 ||    42
Dodge: Dodged            |     8 |     6 |    27 |    75 |    70 ||   186
Block: Other             |     2 |     4 |     8 |    28 |    19 ||    61
